 Dungeon Crawl Stone Soup version 0.27.0-1-g7a089689b8 (webtiles) character file.

Game seed: 7406184796857640002

315 SkeletonJelly the Sneak (level 6, 0/51 HPs)
             Began as a Draconian Monk on Aug 11, 2021.
             Was an Elder of Dithmenos.
             Slain by an ufetubus (3 damage)
             ... on level 4 of the Dungeon.
             The game lasted 00:05:29 (3481 turns).

SkeletonJelly the Sneak (Draconian Monk)            Turns: 3481, Time: 00:05:29

Health: 0/51       AC:  6    Str: 14    XL:     6   Next: 19%
Magic:  6/6        EV: 12    Int: 10    God:    Dithmenos [****..]
Gold:   121        SH:  0    Dex: 15    Spells: 5/5 levels left

rFire    . . .     SeeInvis .   a - +0 falchion
rCold    . . .     Faith    .   (no shield)
rNeg     . . .     Spirit   .   (armour unavailable)
rPois    .         Reflect  .   (helmet restricted)
rElec    .         Harm     .   (no cloak)
rCorr    .         Rampage  .   (no gloves)
Will     .....                  (no boots)
Stlth    ++++......             (no amulet)
HPRegen  0.17/turn              (no ring)
MPRegen  0.10/turn              (no ring)

@: mighty, wreathed by umbra
A: AC +6, unfitting armour, cold-blooded
a: Renounce Religion, Shadow Step


You were on level 4 of the Dungeon.
You worshipped Dithmenos.
Dithmenos was greatly pleased with you.
You visited 1 branch of the dungeon, and saw 4 of its levels.

You collected 121 gold pieces.

Inventory:

Hand Weapons
 a - a +0 falchion (weapon)
 k - a +1 whip of electrocution
Missiles
 r - 16 poisoned darts (quivered)
Armour
 m - a +0 pair of gloves
Jewellery
 n - a ring of ice
 s - a ring of willpower
Scrolls
 d - 3 scrolls of identify {unknown}
 e - a scroll of magic mapping {unknown}
 h - a scroll of noise {unknown}
 i - a scroll of acquirement {unknown}
 j - a scroll of silence {unknown}
 l - a scroll of enchant weapon {unknown}
 o - a scroll of teleportation {unknown}
Potions
 b - a potion of might
 c - a potion of curing
 f - a potion of berserk rage {unknown}
 g - 3 potions of lignification {unknown}
 p - a potion of flight {unknown}
 q - a potion of invisibility {unknown}


   Skills:
 - Level 3.2 Fighting
 - Level 5.0 Long Blades
 - Level 2.6 Dodging
 + Level 5.1 Stealth


You had 5 spell levels left.
You didn't know any spells.
Your spell library contained the following spells:

 Spells                   Type           Power      Damage    Failure   Level
 Beastly Appendage        Tmut           0%         N/A       36%         1
 Wereblood                Tmut           0%         N/A       50%         2
 Spider Form              Tmut/Pois      0%         N/A       75%         3


Dungeon Overview and Level Annotations

Branches:
Dungeon (4/15)
 Temple: D:4-7

Altars:
Cheibriados
Dithmenos

Annotations:
D:4 Eustachio


Innate Abilities, Weirdness & Mutations

Your plain brown scales are hard. (AC +6)
You cannot fit into any form of body armour.
You are cold-blooded and may be slowed by cold attacks.


Message History

You see here a +0 club.
There is a stone staircase leading down here.
You climb downwards.
Found 13 gold pieces.
There is a stone staircase leading up here.
You now have 111 gold pieces (gained 13).
Found a whip and two leather armours.
Found a stone staircase leading down.
Found 18 poisoned darts.
No target in view!
No target in view!
No target in view!
No target in view!
No target in view!
No target in view!
You now have 121 gold pieces (gained 10).
Found a ring mail.
You see here a +0 ring mail.
d - 3 scrolls labelled QUPNUA YKHUKK (gained 1) Menkaure, Prince of Dust comes into view.
Menkaure is nearby!
Menkaure is nearby!
Okay, then.
You see here 18 poisoned darts.
r - 18 poisoned darts
Found a stone staircase leading down.
Found a robe and 8 gold pieces.
An iguana comes into view.
You see here a ring of willpower.
s - a ring of willpower You pick up a book of Changes and begin reading...
You add the spells Beastly Appendage, Wereblood and Spider Form to your library.
Menkaure shouts!
Okay, then.
It was a potion of might.
You feel very mighty all of a sudden.
Eustachio the Magnificent comes into view.
He is wielding a +0 rapier.
Menkaure points at you and mumbles some strange words.
Pain shoots through your body!
It was a potion of curing.
You feel better. Menkaure casts a spell at you. Pain shoots through your body!
Eustachio shouts!
You hear a shout!
You slash Menkaure!
Menkaure is heavily damaged.
An ufetubus comes into view.
Menkaure hits you!!
The ufetubus shouts!
You slash Menkaure!
Menkaure is almost destroyed.
A ball python comes into view.
Eustachio mumbles some strange words.
Eustachio blinks!
You closely miss Menkaure.
Menkaure is almost destroyed.
An ufetubus comes into view.
Menkaure hits you.
* * * LOW HITPOINT WARNING * * *
You hit Menkaure.
You destroy Menkaure!
Dithmenos accepts your kill.
Your Stealth skill increases to level 5!
You have reached level 6!
Your experience leads to an increase in your attributes!
Increase (S)trength, (I)ntelligence, or (D)exterity?
You feel agile.
Your scales feel tougher.
Unknown command.
Unknown command.
Throw: 18 darts (poison)
Press: ? - help, Q - select action, (/) - cycle Shift-Dir - straight line, f - Eustachio
Aim: Eustachio, wielding a +0 rapier and wearing a +0 leather armour (48% to hit)
You throw a poisoned dart. The poisoned dart hits Eustachio.
The ball python hisses angrily.
The ufetubus hits you but does no damage.
The ufetubus barely misses you.
Throw: 17 darts (poison)
Press: ? - help, Q - select action, (/) - cycle Shift-Dir - straight line, f/p - Eustachio
Aim: Eustachio, wielding a +0 rapier and wearing a +0 leather armour (48% to hit)
You throw a poisoned dart. The poisoned dart hits Eustachio.
Eustachio is poisoned.
The ufetubus closely misses you. The ufetubus hits you.
* * * LOW HITPOINT WARNING * * *
An orc comes into view. It is wielding a +0 club.
The ufetubus hits you.
* * * LOW HITPOINT WARNING * * *
The ufetubus barely misses you.
Eustachio gestures wildly while chanting.
The ufetubus hits you.
* * * LOW HITPOINT WARNING * * *
The ufetubus misses you.
Eustachio looks more healthy.
The ufetubus closely misses you. The ufetubus barely misses you.
Okay, then.
Unknown command.
Unknown command.
Unknown command.
The ufetubus hits you.
* * * LOW HITPOINT WARNING * * *
The ufetubus hits you.
You die...

... #o.r...... ...#
###........#
..#...#####.@r.##r#
#............S....#
#....#............#
#...#............#
#.....#..........#
#.....[..55....#
###.#....@.....###
##..............#
##.............#.###
########..#.....##........#
.........##.#...##........#
.........##...............#
.........#####.........[..#
..>......####....#........#
..............##......>.....


You could see Eustachio, a river rat (summoned), 2 ufetubi, a quokka (summoned)
and a ball python.

Vanquished Creatures
  Menkaure (D:4)
  A bullfrog skeleton (D:3)
  An orc wizard (D:3)
  5 adders (D:3)
  3 worms
  4 dart slugs
  4 orcs (D:3)
  6 endoplasms
  2 giant cockroaches (D:1)
  7 goblins
  4 hobgoblins
  8 jackals
  9 kobolds
  5 quokkas
  7 ball pythons
  9 bats
  3 frilled lizards
  5 rats
84 creatures vanquished.

Notes
Turn   | Place    | Note
-------+----------+-------------------------------------------
     0 | D:1      | SkeletonJelly the Draconian Monk began the quest for the
                  | Orb.
     0 | D:1      | Reached XP level 1. HP: 19/19 MP: 1/1
   143 | D:1      | Found a faded altar of an unknown god.
   165 | D:1      | Became a worshipper of Dithmenos the Shadowed
   165 | D:1      | Reached * piety under Dithmenos
   165 | D:1      | Reached ** piety under Dithmenos
   292 | D:1      | Reached XP level 2. HP: 25/26 MP: 2/2
   470 | D:1      | Reached *** piety under Dithmenos
   930 | D:2      | Reached XP level 3. HP: 31/31 MP: 3/3
  2083 | D:3      | Reached XP level 4. HP: 32/38 MP: 4/4
  2162 | D:3      | Reached skill level 5 in Long Blades
  2877 | D:3      | Reached **** piety under Dithmenos
  2893 | D:3      | Reached XP level 5. HP: 39/45 MP: 5/5
  3199 | D:3      | Found a snail-covered altar of Cheibriados.
  3420 | D:4      | Noticed Menkaure
  3467 | D:4      | Noticed Eustachio
  3473 | D:4      | Killed Menkaure
  3474 | D:4      | Reached skill level 5 in Stealth
  3474 | D:4      | Reached XP level 6. HP: 14/51 MP: 6/6
  3481 | D:4      | Slain by an ufetubus

Illustrated notes

Levels and vault maps discovered:
D:1:      minmay_arrival_diagonal_passages, layout_basic,
          shapermc_ecumenical_altar_mp_ritualfount,
          chequers_serial_rivers_small_3
D:2:      layout_basic
D:3:      kennysheep_six_static_rooms, layout_rooms,
          mainiacjoe_overflow_cross_hatched, minmay_snake_closets
D:4:      layout_rooms, lemuel_coloured_pillars_altar,
          beargit_hepliaklqana_dungeon_heroes,
          minmay_temple_entry_drinking_statues, gammafunk_ghost_nasty_kobolds,
          uniq_menkaure, uniq_eustachio

Skill      XL: |  1  2  3  4  5 |
---------------+----------------+-----
Long Blades    | 4 5 |  5.0
Stealth        | 3 5 |  5.1
Fighting       | |  3.2
Dodging        | |  2.6

Action                   |  1- 3 |  4- 6 || total
-------------------------+-------+-------++-------
Melee: Falchion          |   134 |   115 ||   249
       Tailslap          |    25 |    20 ||    45
Throw: Dart              |       |     2 ||     2
  Use: Potion            |       |     2 ||     2
 Stab: Sleeping          |     6 |     9 ||    15
Armor: Skin              |    57 |    35 ||    92
Dodge: Dodged            |   107 |    69 ||   176
       Rpst.: Falchion   |    35 |    15 ||    50
